 Dungeon Crawl Stone Soup version 0.28.0-49-g6dfe1f597d (webtiles) character file.

Game seed: 16089338390836623217

52886 CryoSword the Basher (level 13, 0/169 HPs)
             Began as a Demigod Fire Elementalist on May 16, 2022.
             Slain by a vampire mosquito (10 damage)
             ... on level 5 of the Lair of Beasts.
             The game lasted 00:35:49 (21156 turns).

CryoSword the Basher (Demigod Fire Elementalist)   Turns: 21156, Time: 00:35:49

Health: 0/169      AC:  5    Str: 23    XL:     13   Next: 96%
Magic:  22/22      EV: 18    Int: 26    God:
Gold:   430        SH:  5    Dex:  9    Spells: 13/20 levels left

rFire   + + .      SeeInvis +   w - +7 mace "Hotaiw" {spect, Str+2 Int+5}
rCold   + . .      Faith    .   (no shield)
rNeg    . . .      Spirit   .   y - +0 troll leather armour
rPois   .          Reflect  +   x - +5 helmet "Xydoah" {rElec rF+ Dex-5 Slay+2 SInv}
rElec   +          Harm     .   i - scarf {rC+ rF+}
rCorr   .          Rampage  .   h - +1 pair of gloves
Will    +....                   m - +2 pair of boots
Stlth   ..........              U - amulet of reflection
HPRegen 1.18/turn               O - ring of wizardry
MPRegen 0.18/turn               H - +4 ring of evasion

@: berserking, corroded, very quick
A: high MP 1, forlorn, divine attributes
a: no special abilities


You were on level 5 of the Lair of Beasts.
You visited 2 branches of the dungeon, and saw 17 of its levels.
You also visited: Gauntlet.

You collected 1219 gold pieces.
You spent 789 gold pieces at shops.

Inventory:

Hand Weapons
 w - the +7 mace "Hotaiw" (weapon) {spect, Str+2 Int+5}
   (You found it on level 2 of the Dungeon)

   When its wielder attacks, the weapon's spirit leaps out and strikes again.
   The spirit shares a part of any damage it takes with its wielder.
   Str:       It affects your strength (+2).
   Int:       It affects your intelligence (+5).
Missiles
 e - 9 curare-tipped darts
 s - 19 boomerangs
Armour
 h - a +1 pair of gloves (worn)
   (You found it on level 2 of the Lair of Beasts)
 i - a scarf of resistance (worn)
   (You found it on level 2 of the Lair of Beasts)
 m - a +2 pair of boots (worn)
   (You found it on level 2 of the Dungeon)
 x - the +5 helmet "Xydoah" (worn) {rElec rF+ Dex-5 Slay+2 SInv}
   (You bought it in a shop on level 11 of the Dungeon)

   Dex:       It affects your dexterity (-5).
   Slay:      It affects your accuracy & damage with ranged weapons and melee
   (+2).
   rF:        It protects you from fire.
   rElec:     It insulates you from electricity.
   SInv:      It lets you see invisible.
 y - a +0 troll leather armour (worn)
   (You found it on level 5 of the Dungeon)
Jewellery
 l - a ring of ice
   (You found it on level 4 of the Dungeon)
 H - a +4 ring of evasion (right hand)
   (You found it on level 9 of the Dungeon)
 J - a ring of resist corrosion
   (You found it on level 1 of the Lair of Beasts)
 O - a ring of wizardry (left hand)
   (You found it on level 10 of the Dungeon)
 R - a ring of wizardry
   (You found it on level 10 of the Dungeon)
 U - an amulet of reflection (around neck)
   (You found it on level 1 of the Lair of Beasts)
Wands
 p - a wand of paralysis (4) (quivered)
   (You found it on level 4 of the Lair of Beasts)
 F - a wand of acid (9)
   (You found it on level 6 of the Dungeon)
 K - a wand of iceblast (4)
   (You found it on level 10 of the Dungeon)
Scrolls
 b - 3 scrolls of enchant armour {unknown}
 c - a scroll of fog {unknown}
 f - 8 scrolls of teleportation {@r4}
 g - 3 scrolls of enchant weapon
 j - 6 scrolls of fear
 t - 2 scrolls of holy word
 v - 2 scrolls of brand weapon {unknown}
 G - 4 scrolls of blinking
 M - 3 scrolls of magic mapping
 N - 2 scrolls of silence {unknown}
Potions
 d - 8 potions of curing {@q1}
 k - 3 potions of haste {@q3}
 n - a potion of invisibility {unknown}
 o - 2 potions of cancellation {unknown}
 q - 3 potions of brilliance
 r - 2 potions of might
 u - a potion of degeneration {unknown}
 A - 2 potions of magic {unknown}
 C - a potion of resistance {unknown}
 E - a potion of mutation {unknown}
 I - a potion of ambrosia {unknown}
 S - 2 potions of lignification {unknown}
Miscellaneous
 a - a condenser vane
   (You found it in a Gauntlet)


   Skills:
 + Level 9.8 Fighting
 * Level 13.6 Maces & Flails
 + Level 8.2 Armour
 + Level 8.5 Dodging
 - Level 4.0 Stealth
 - Level 4.0 Spellcasting
 + Level 6.7 Conjurations
 + Level 7.2 Fire Magic
 - Level 4.3 Evocations


You had 13 spell levels left.
You knew the following spells:

 Your Spells              Type           Power      Damage    Failure   Level
a - Foxfire               Conj/Fire      100%       2x1d9     1%          1
b - Scorch                Fire           84%        2d9       1%          2
c - Flame Wave            Conj/Fire      41%        2d9       2%          4

Your spell library contained the following spells:

 Spells                   Type           Power      Damage    Failure   Level
 Conjure Flame            Conj/Fire      41%        6-21      1%          3
 Inner Flame              Hex/Fire       23%        N/A       2%          3
 Sting                    Tmut/Pois      20%        1d4       4%          1
 Ignite Poison            Fire/Tmut/Pois 17%        N/A       4%          3
 Mephitic Cloud           Conj/Pois/Air  16%        N/A       4%          3
 Poisonous Vapours        Pois/Air       10%        N/A       6%          2
 Tukima's Dance           Hex            5%         N/A       12%         3
 Lightning Bolt           Conj/Air       11%        1d24      26%         5
 Airstrike                Air            2%         N/A       34%         4
 Animate Armour           Summ/Erth      10%        N/A       34%         4
 Cause Fear               Hex            2%         N/A       34%         4
 Leda's Liquefaction      Hex/Erth       2%         N/A       34%         4
 Olgreb's Toxic Radiance  Pois           5%         N/A       34%         4
 Summon Lightning Spire   Summ/Air       5%         N/A       34%         4
 Freezing Cloud           Conj/Ice/Air   8%         6-21      38%         5
 Blade Hands              Tmut           2%         N/A       67%         5
 Iron Shot                Conj/Erth      11%        9d3       78%         6
 Dragon Form              Tmut           2%         N/A       100%        7
 Malign Gateway           Summ/Tloc      2%         N/A       100%        7
 Dragon's Call            Summ           2%         N/A       100%        9


Dungeon Overview and Level Annotations

Branches:
Dungeon (11/15)            Temple (0/1) D:4            Lair (6/6) D:8
 Shoals (0/4) Lair:2       Spider (0/4) Lair:3        Slime (0/5) Lair:5
    Orc (0/2) D:11        Gauntlet (visited)

Shops:
D:11 [


Innate Abilities, Weirdness & Mutations

You have an increased reservoir of magic. (+10% MP)
You shall have no god before yourself.
Your divine heritage dramatically boosts your attributes as you level up.


Message History

The blink frog blinks!
A water moccasin comes into view.
The water moccasin hisses angrily.
The blink frog hits you!
The blink frog blinks!
The blink frog blinks!
The blink frog hits you but does no damage.
You hit the blink frog.
Your +7 mace "Hotaiw" {spect, Str+2 Int+5} hits the blink frog!
The blink frog hits you.
You thump the blink frog!
Your +7 mace "Hotaiw" {spect, Str+2 Int+5} hits the blink frog!!
You kill the blink frog!
The blink frog closely misses you. The blink frog barely misses you.
The water moccasin barely misses you.
You miss the blink frog.
Your +7 mace "Hotaiw" {spect, Str+2 Int+5} hits the blink frog!!
You block the blink frog's attack.
The water moccasin completely misses you.
You closely miss the blink frog.
Your +7 mace "Hotaiw" {spect, Str+2 Int+5} barely misses the blink frog.
You block the blink frog's attack. The water moccasin barely misses you.
You sock the blink frog!
You kill the blink frog!
The water moccasin closely misses you.
You bludgeon the water moccasin!!
Your +7 mace "Hotaiw" {spect, Str+2 Int+5} hits the water moccasin!
You kill the water moccasin!
No target in view!
No target in view!
No target in view!
Found a wand of acid (6).
A dream sheep comes into view.
The dream sheep bleats!
You hear a bleat!
You hear an angry hiss.
You hear a croak. x2
A dream sheep comes into view.
A blink frog comes into view. x2
The blink frog moves out of view.
The blink frog blinks!
You thump the dream sheep!
Your +7 mace "Hotaiw" {spect, Str+2 Int+5} hits the dream sheep!
You kill the dream sheep!
You hear a loud, deep croak!
You hear a croak.
You hear an angry hiss.
You hear an angry buzzing noise.
A vampire mosquito comes into view. 2 cane toads come into view.
The cane toad gives a loud, deep croak!
The bullfrog croaks.
The vampire mosquito buzzes angrily.
The bullfrog misses you. The vampire mosquito bites you!
The vampire mosquito draws strength from your injuries!
A blink frog comes into view.
The bullfrog hits you but does no damage.
You block the vampire mosquito's attack.
The blink frog croaks.
The cane toad croaks.
You sock the bullfrog!
You hear a croak.
The vampire mosquito bites you.
The vampire mosquito draws strength from your injuries!
The bullfrog hits you. You block the goliath frog's attack.
A tyrant leech comes into view.
You thump the bullfrog!
The vampire mosquito completely misses you.
The bullfrog hits you but does no damage.
The goliath frog hits you from afar. The acid corrodes you!
You are splashed with acid!
You thump the bullfrog!
You kill the bullfrog!
The vampire mosquito bites you but does no damage.
The blink frog blinks!
The vampire mosquito completely misses you.
The vampire mosquito closely misses you.
The blink frog blinks! x2; The goliath frog misses you.
Unknown command.
The blink frog blinks!
The vampire mosquito misses you.
The vampire mosquito completely misses you.
The vampire mosquito completely misses you.
The vampire mosquito bites you but does no damage.
The blink frog blinks!
The vampire mosquito completely misses you.
The vampire mosquito barely misses you. The vampire mosquito misses you.
The vampire mosquito bites you but does no damage.
The vampire mosquito bites you.
The vampire mosquito draws strength from your injuries!
The blink frog hits you but does no damage.
The goliath frog hits you from afar! The acid corrodes you!
You are splashed with acid!
The vampire mosquito bites you but does no damage.
The vampire mosquito completely misses you.
The blink frog blinks!
The vampire mosquito barely misses you.
The blink frog blinks!
The vampire mosquito bites you.
The vampire mosquito draws strength from your injuries!
The goliath frog misses you. The vampire mosquito barely misses you.
The blink frog blinks!
The vampire mosquito completely misses you.
The vampire mosquito bites you but does no damage.
The blink frog blinks!
The blink frog blinks!
You block the vampire mosquito's attack.
The blink frog blinks!
The vampire mosquito barely misses you. The goliath frog hits you from afar.
The acid corrodes you!
You are splashed with acid!
* * * LOW HITPOINT WARNING * * *
The blink frog hits you but does no damage.
The blink frog blinks!
The vampire mosquito bites you!
* * * LOW HITPOINT WARNING * * *
The vampire mosquito draws strength from your injuries!
The vampire mosquito misses you. The blink frog closely misses you.
The blink frog blinks!
You block the vampire mosquito's attack.
The vampire mosquito misses you. The vampire mosquito bites you!
* * * LOW HITPOINT WARNING * * *
The vampire mosquito draws strength from your injuries!
The vampire mosquito closely misses you.
The blink frog closely misses you.
You block the vampire mosquito's attack.
The cane toad closely misses you.
The blink frog blinks!
The blink frog hits you!
* * * LOW HITPOINT WARNING * * *
The blink frog blinks!
The vampire mosquito bites you but does no damage.
The blink frog blinks! x2
There is a stone staircase leading up here.
The vampire mosquito completely misses you.
The vampire mosquito misses you. The vampire mosquito bites you!
* * * LOW HITPOINT WARNING * * *
The vampire mosquito draws strength from your injuries!
The cane toad misses you. The goliath frog hits you from afar.
* * * LOW HITPOINT WARNING * * *
You are splashed with acid!
* * * LOW HITPOINT WARNING * * *
The vampire mosquito closely misses you.
You climb upwards.
There is a stone staircase leading down here.
Okay, then.
A red film seems to cover your vision as you go berserk!
You feel yourself moving faster!
You feel mighty! The vampire mosquito bites you.
* * * LOW HITPOINT WARNING * * *
The vampire mosquito draws strength from your injuries!
The vampire mosquito closely misses you.
The cane toad misses you. The vampire mosquito bites you!
* * * LOW HITPOINT WARNING * * *
The vampire mosquito draws strength from your injuries!
You block the vampire mosquito's attack.
You barely miss the vampire mosquito.
Your +7 mace "Hotaiw" {spect, Str+2 Int+5} closely misses the vampire mosquito.
The vampire mosquito bites you!
You die...

#..........##########
##........##.#
#...........###
###...#P......#
###.##......#
###.#.##.....###
##..###.†.......# ####
#..#####.......#####.##
##.....@(.......#.....†.
#.....yFy.#.#.#.........
##..##########..######..
#...######...#####.##..
##..##...##...##.....##.
##........#....#.†....##.
#....##...##...††††...##.
##...####.####.##.#†####.
##...###'####+####..##..


You could see a cane toad, 2 vampire mosquitoes and a friendly +7 mace "Hotaiw"
{spect, Str+2 Int+5} (summoned).

Vanquished Creatures
  Kirke (Lair:4)
  A minotaur (Gauntlet)
  9 hydras
  3 boulder beetles (D:11)
  Erica (D:10)
  A death scarab (Gauntlet)
  A death yak (Lair:3)
  Nergalle (D:10)
  3 fire crabs
  Pikel (D:5)
  A lindwurm (Lair:4)
  2 wolf spiders (Lair:3)
  A spectral hydra (Gauntlet)
  A cyclops (D:8)
  An oklob plant (Lair:3)
  A manticore (D:8)
  9 elephants
  A torpor snail (Lair:3)
  5 black mambas
  14 cane toads
  An unseen horror (D:11)
  Maggie (D:8)
  6 komodo dragons
  4 rime drakes
  2 trolls
  A hornet (D:9)
  13 blink frogs
  7 dream sheep
  2 shadows
  2 centaur simulacra (Gauntlet)
  2 wyverns
  Eustachio (D:6)
  58 yaks
  8 fire bats (Gauntlet)
  2 basilisks
  2 hogs (Lair:4)
  3 vampire mosquitoes
  A harpy simulacrum (Gauntlet)
  2 acid dragons (D:11)
  15 water moccasins
  Duvessa (D:6)
  3 hell hounds (Gauntlet)
  An orc warrior (D:8)
  A hornet zombie (D:7)
  6 small abominations (Gauntlet)
  A black bear (D:5)
  The ghost of Peloso the Covered, an amateur MiFi (D:3)
  2 necrophages
  An ogre (D:5)
  15 wolves
  7 centaurs
  2 kobold brigands
  11 bullfrogs
  2 scorpions (D:5)
  4 water moccasin zombies
  A wyvern skeleton (D:6)
  Dowan (D:6)
  The ghost of Dismas36 the Skirmisher, a weakling HuMo of Sif Muna (D:6)
  5 killer bees (D:8)
  3 howler monkeys
  2 electric eels (Lair:2)
  2 bullfrog zombies (D:5)
  2 centaur zombies
  2 centaur skeletons (D:6)
  2 jellies
  An orc priest (D:8)
  2 hounds (D:6)
  A gnoll shaman (D:8)
  2 bullfrog skeletons (D:6)
  Terence (D:3)
  2 iguanas (D:7)
  5 hell rats (Lair:5)
  5 orc wizards
  A howler monkey zombie (D:5)
  3 gnolls (D:8)
  5 adders
  11 river rats
  A shadow imp (D:6)
  A white imp (D:7)
  An ufetubus (D:4)
  A dart slug (D:4)
  A worm (D:5)
  31 orcs
  17 endoplasms
  A giant cockroach (D:1)
  6 goblins
  8 hobgoblins
  3 jackals (D:2)
  12 kobolds
  12 quokkas
  10 ball pythons
  A bat (D:1)
  4 frilled lizards (D:2)
  25 rats
444 creatures vanquished.

Vanquished Creatures (others)
  Nessos (Lair:4)
  A human (Lair:4)
  A bush (Lair:2)
  223 foxfires
  29 fungi
  135 plants
390 creatures vanquished.

Grand Total: 834 creatures vanquished

Notes
Turn   | Place    | Note
-------+----------+-------------------------------------------
     0 | D:1      | CryoSword the Demigod Fire Elementalist began the quest for
                  | the Orb.
     0 | D:1      | Reached XP level 1. HP: 14/14 MP: 5/5
   100 | D:1      | Reached skill level 1 in Conjurations
   322 | D:1      | Reached XP level 2. HP: 20/20 MP: 2/7
   325 | D:1      | Learned a level 2 spell: Scorch
  1408 | D:2      | Reached XP level 3. HP: 16/26 MP: 4/8
  1785 | D:2      | Identified the +7 mace "Hotaiw" {spect, Str+2 Int+5}
  2706 | D:3      | Reached skill level 1 in Maces & Flails
  2873 | D:3      | Noticed Terence
  2886 | D:3      | Killed Terence
  2887 | D:3      | Reached skill level 1 in Fighting
  2887 | D:3      | Reached XP level 4. HP: 12/35 MP: 1/9
  3769 | D:3      | Reached skill level 2 in Maces & Flails
  3811 | D:3      | Found a runed translucent gate.
  3812 | D:3      | Found a runed translucent gate.
  3813 | D:3      | Found a runed translucent gate.
  3814 | D:3      | Noticed Peloso's ghost (amateur MiFi)
  4676 | D:4      | Found a staircase to the Ecumenical Temple.
  5111 | D:5      | Entered Level 5 of the Dungeon
  5112 | D:5      | Noticed a lemure
  5114 | D:5      | Noticed a lemure
  5151 | D:5      | Reached XP level 5. HP: 41/41 MP: 10/10
  5164 | D:5      | Noticed a necrophage
  5172 | D:5      | Reached skill level 3 in Maces & Flails
  5402 | D:5      | Killed a necrophage
  5403 | D:5      | Reached XP level 6. HP: 48/48 MP: 4/11
  5519 | D:5      | Reached skill level 4 in Maces & Flails
  5666 | D:5      | Reached XP level 7. HP: 25/57 MP: 4/13
  6039 | D:5      | Reached skill level 5 in Maces & Flails
  6140 | D:5      | Noticed Pikel
  6146 | D:5      | Killed Pikel
  6147 | D:5      | Reached skill level 6 in Maces & Flails
  6147 | D:5      | Reached XP level 8. HP: 64/67 MP: 6/14
  6205 | D:5      | Noticed a troll
  6212 | D:5      | Killed a troll
  6213 | D:5      | Reached skill level 5 in Fighting
  6802 | D:6      | Reached skill level 7 in Maces & Flails
  6825 | D:6      | Noticed Dowan
  6825 | D:6      | Noticed Duvessa
  6831 | D:6      | Killed Duvessa
  6832 | D:6      | Killed Dowan
  6858 | D:6      | Reached skill level 1 in Armour
  7035 | D:6      | Noticed Eustachio
  7043 | D:6      | Killed Eustachio
  7044 | D:6      | Reached XP level 9. HP: 68/74 MP: 16/16
  7208 | D:6      | Found a runed translucent door.
  7209 | D:6      | Noticed Dismas36's ghost (weakling HuMo)
  7390 | D:6      | Killed Dismas36's ghost
  7572 | D:3      | Killed Peloso's ghost
  8614 | D:8      | Found a staircase to the Lair.
  8689 | D:8      | Noticed Maggie
  9052 | D:8      | Noticed a cyclops
  9054 | D:8      | Noticed a manticore
  9057 | D:8      | Killed a cyclops
  9058 | D:8      | Reached skill level 8 in Maces & Flails
  9061 | D:8      | Killed a manticore
  9297 | D:8      | Killed Maggie
  9449 | D:8      | Learned a level 4 spell: Flame Wave
  9984 | D:9      | Reached XP level 10. HP: 83/83 MP: 15/18
 10018 | D:9      | Paralysed by a hornet for 1 turns
 10514 | D:10     | Entered Level 10 of the Dungeon
 10622 | D:10     | Noticed Nergalle
 10633 | D:10     | Killed Nergalle
 10785 | D:10     | Identified the +1 leather armour of Impressiveness {Will+}
 10976 | D:10     | Reached skill level 5 in Fire Magic
 10984 | D:10     | Reached skill level 9 in Maces & Flails
 11019 | D:10     | Noticed Erica
 11029 | D:10     | Killed Erica
 11285 | D:10     | Identified the +5 hunting sling "Jiqim" {speed, Int+4}
 11401 | D:11     | Noticed a boulder beetle
 11409 | D:11     | Killed a boulder beetle
 11531 | D:11     | Noticed a boulder beetle
 11561 | D:11     | Killed a boulder beetle
 11562 | D:11     | Reached XP level 11. HP: 81/91 MP: 6/20
 11563 | D:11     | Reached skill level 5 in Conjurations
 11818 | D:11     | Found a staircase to the Orcish Mines.
 11861 | D:11     | Found Vidon's Armour Shop.
 11888 | D:11     | Reached skill level 5 in Dodging
 12008 | D:11     | Noticed a boulder beetle
 12404 | D:11     | Killed a boulder beetle
 12753 | Lair:1   | Entered Level 1 of the Lair of Beasts
 12766 | Lair:1   | Reached skill level 10 in Maces & Flails
 12994 | Lair:1   | Reached skill level 5 in Armour
 13988 | Lair:2   | Found a staircase to the Shoals.
 14041 | Lair:2   | Reached skill level 1 in Evocations
 14228 | Lair:2   | Noticed a five-headed hydra
 14236 | Lair:2   | Killed a five-headed hydra
 14621 | Lair:2   | Noticed a four-headed hydra
 14630 | Lair:2   | Killed a four-headed hydra
 14631 | Lair:2   | Reached skill level 11 in Maces & Flails
 14631 | Lair:2   | Reached XP level 12. HP: 81/101 MP: 21/21
 15141 | D:11     | Bought the +5 helmet "Xydoah" {rElec rF+ Dex-5 Slay+2 SInv}
                  | for 789 gold pieces
 15929 | Lair:3   | Found a dark tunnel.
 16615 | Lair:3   | Found a hole to the Spider Nest.
 16685 | Lair:3   | Noticed a six-headed hydra
 16689 | Lair:3   | Killed a six-headed hydra
 17676 | Lair:4   | Reached skill level 12 in Maces & Flails
 17790 | Lair:4   | Noticed a seven-headed hydra
 17799 | Lair:4   | Killed a seven-headed hydra
 17887 | Lair:4   | Noticed Kirke
 17923 | Lair:4   | Noticed a six-headed hydra
 17928 | Lair:4   | Killed Kirke
 17934 | Lair:4   | Killed a six-headed hydra
 18109 | Lair:4   | Noticed Nessos
 18114 | Lair:4   | Killed Nessos
 18182 | Lair:4   | Reached XP level 13. HP: 105/110 MP: 22/22
 18861 | Lair:5   | Identified the +2 ring mail of Xucaurela {rN+ rCorr}
 18881 | Lair:5   | Found a gate leading to a gauntlet.
 18893 | Gauntlet | Entered a Gauntlet
 18893 | Gauntlet | Found a transporter.
 18900 | Gauntlet | Found a transporter.
 18904 | Gauntlet | Found a transporter.
 18908 | Gauntlet | Found a runed translucent door.
 18910 | Gauntlet | Found a runed translucent door.
 18912 | Gauntlet | Found a transporter.
 18916 | Gauntlet | Found a transporter.
 18924 | Gauntlet | Found a transporter.
 18928 | Gauntlet | Found a transporter.
 18940 | Gauntlet | Found a transporter.
 18940 | Gauntlet | Found a transporter.
 18948 | Gauntlet | Found a transporter.
 18969 | Gauntlet | Found a transporter.
 18973 | Gauntlet | Found a runed translucent door.
 18981 | Gauntlet | Found a transporter.
 18994 | Gauntlet | Found a transporter.
 19007 | Gauntlet | Found a transporter.
 19299 | Gauntlet | Reached skill level 13 in Maces & Flails
 19345 | Gauntlet | Got the Incunabulum of the Oath and Calling
 19384 | Gauntlet | Noticed a minotaur
 19395 | Gauntlet | Killed a minotaur
 19763 | Lair:5   | Found a runed translucent door.
 19765 | Lair:5   | Found a staircase to the Slime Pits.
 19766 | Lair:5   | You fall into a shaft and drop 1 floor!
 19766 | Lair:6   | Entered Level 6 of the Lair of Beasts
 20593 | Lair:5   | Found a runed translucent door.
 21156 | Lair:5   | Slain by a vampire mosquito

Illustrated notes

Levels and vault maps discovered:
D:1:      sevenhm_arrival_forest_fort_small_3, layout_loops_ring,
          dilly_ecumenical_altar_fadedgnrine, hangedman_decor_points
D:2:      layout_basic
D:3:      minmay_general_purpose_star, layout_basic, biasface_ghost_orc_armoury,
          uniq_terence
D:4:      layout_loops_ring, minmay_temple_entry_enclosed_plants,
          glass_columns_c, abandoned_shop, feat_on_display
D:5:      lemuel_ratsnest, layout_loops_cross, serial_bayou_lagoon_a, uniq_pikel
D:6:      layout_rooms, nicolae_gozag_cash_rules_everything_around_me,
          elyvilon_altar_4, gammafunk_ghost_grave, uniq_eustachio, uniq_duvessa
D:7:      layout_gridville, grunt_temple_overflow_open
D:8:      layout_loops_ring, dpeg_oklobed_lair, minmay_small_thing, uniq_maggie
D:9:      layout_gridville, minmay_hedge_maze, hangedman_decor_peaks_small,
          due_unseen_surprise
D:10:     layout_irregular_city, serial_column_ruins, column_ruins_open_small,
          column_ruins_corridor_straight, column_ruins_columns_corner,
          column_ruins_grid_2, column_ruins_open_medium,
          column_ruins_columns_corner, column_ruins_grid_3, uniq_erica,
          uniq_nergalle
D:11:     layout_cave_pools, orc_0_dummy, serial_shops, shop
Lair:1:   layout_cave_pods
Lair:2:   layout_loops_ring, elwin_shoals_entry_rocks,
          nicolae_quartered_pool_super, cheibrodos_lair_caveside_slide,
          minmay_shattered_shrine
Lair:3:   layout_cave_pods, spider_nest_entry_web_field,
          lightli_volcano_entry_magma_tube, minmay_stone_trees_small,
          nicolae_lair_run_with_the_wolves, lemuel_fruit_fields
Lair:4:   layout_concentric_octagons, columned_hall_lemuel, lemuel_fruit_tree,
          uniq_kirke, uniq_nessos
Lair:5:   layout_cellular_growth, slime_altar_2, gauntlet_entry_generic,
          kennysheep_abandoned_house
Lair:6:   minmay_lair_end_frog_pond, layout_misc_corridors, serial_bayou_shore_b

Skill      XL: |  1  2  3  4  5  6  7  8  9 10 11 12 13 |
---------------+----------------------------------------+-----
Conjurations   | 1 2 3 4 5 6 |  6.7
Spellcasting   | 2 3 4 |  4.0
Fire Magic     | 3 4 5 6 7 |  7.2
Maces & Flails | 1 2 3 4 6 7 8 9 11 12 13 | 13.6
Fighting       | 1 2 3 4 5 6 7 8 9 |  9.8
Dodging        | 2 3 4 6 7 8 |  8.5
Stealth        | 2 3 4 |  4.0
Armour         | 1 3 4 5 7 8 |  8.2
Evocations     | 2 4 |  4.3

Action                   |  1- 3 |  4- 6 |  7- 9 | 10-12 | 13-15 || total
-------------------------+-------+-------+-------+-------+-------++-------
Melee: Unarmed           |     5 |       |       |       |       ||     5
       Short sword       |    11 |       |       |       |       ||    11
       Mace              |    12 |    48 |   164 |   439 |   301 ||   964
       Punch             |     1 |     2 |     3 |     8 |     5 ||    19
 Cast: Foxfire           |    48 |     7 |    13 |    57 |     4 ||   129
       Scorch            |    33 |    29 |    27 |    58 |     3 ||   150
       Flame Wave        |       |       |       |     1 |     7 ||     8
Evoke: Wand              |       |       |       |     3 |       ||     3
  Use: Scroll            |       |     2 |     8 |     3 |     2 ||    15
       Potion            |       |       |     2 |     3 |     2 ||     7
 Stab: Sleeping          |       |     2 |     9 |     1 |     1 ||    13
       Distracted        |       |       |     3 |    11 |     3 ||    17
Armor: Robe              |    14 |    19 |    11 |       |       ||    44
       Troll leather arm |       |       |    49 |   125 |   130 ||   304
       Leather armour    |       |       |       |       |     1 ||     1
Dodge: Dodged            |    39 |    42 |    95 |   370 |   337 ||   883
Block: Other             |       |       |       |    60 |    82 ||   142
       Reflection        |       |       |       |     2 |       ||     2
